Monsters vs Rampage
Created - April 30, 2022 at 23:43
Goals
|
| Monsters |
2 |
2 |
3 |
7 |
| Rampage |
2 |
2 |
2 |
6 |
|
Shots
|
| Monsters |
15 |
7 |
15 |
37 |
| Rampage |
16 |
6 |
14 |
36 |
|
1st period
1. Rampage , Denis Gurianov 20 (Steve Regier 3, Jack Roslovic 40) at 1:42
2. Monsters , Patrik Laine 6 (Christian Hanson 55, Ondrej Kase 43) at 2:24
3. Rampage , Petr Straka 23 (Jordan Greenway 12, Denis Gurianov 20) at 4:31
4. Monsters , Austin Watson 18 (Tarmo Reunanen 10, Mitch Marner 27) at 14:46
Penalties :
Jean-Sebastien Dea (San) for Hooking (Minor) at 6:52
2nd period
5. Monsters , Patrik Laine 7 (Ondrej Kase 44, Aaron Ness 44) at 0:22 (PP)
6. Rampage , Petr Straka 24 (Travis Sanheim 45, Charlie McAvoy 14) at 1:51
7. Rampage , Denis Gurianov 21 (Travis Sanheim 46, Ryan Lomberg 34) at 2:49 (PP)
8. Monsters , Mitch Marner 20 (Morgan Rielly 30, Austin Watson 12) at 5:44 (PP)
Penalties :
Steve Regier (San) for Holding (Minor) at 0:09, Mitch Marner (Cle) for High sticking (Minor) at 2:13, Petr Straka (San) for Roughing (Minor) at 5:24, Richard Nejezchleb (Cle) for Holding (Minor) at 9:23, Christian Hanson (Cle) for Hooking (Minor) at 14:06, Artturi Lehkonen (San) for Holding Stick (Minor) at 16:27, Kevan Miller (San) for Holding (Minor) at 18:59
3rd period
9. Monsters , Patrik Laine 8 (Christian Hanson 56, Ondrej Kase 45) at 0:06 (PP)
10. Rampage , Jordan Kyrou 18 (T.J. Tynan 25) at 1:30
11. Rampage , Artturi Lehkonen 4 (Jeremy Bracco 11, Petr Straka 10) at 2:01
12. Monsters , Mitch Marner 21 (Matt Grzelcyk 18, Austin Watson 13) at 14:41
13. Monsters , Joakim Nordstrom 14 (Dillon Heatherington 13, Bobby Farnham 19) at 16:18
Penalties :
Collin Miller (San) for Goalie Interference (Minor) at 4:04
Goalie Stats
Phoenix Copley (Cle), 30 saves from 36 shots - (0.833), W, 10-13-1, 60:00 minutes
Brandon Halverson (San), 30 saves from 37 shots - (0.811), L, 11-7-0, 58:46 minutes
Players Stats for Monsters
Player Name G A P +/- PIM S H SB GA TA FO MP PP MP PK MP
------------------------------------------------------------------------------------
Aaron Ness 0 1 1 -2 0 3 1 1 0 0 0/0 30:34 5:03 2:46
Austin Watson 1 2 3 -1 0 8 4 0 1 0 0/0 17:29 3:50 1:40
Bobby Farnham 0 1 1 1 0 1 1 0 0 0 0/0 9:21 0:00 0:00
Christian Hanson 0 2 2 0 2 4 1 1 2 0 9/28 21:56 3:47 0:36
Dillon Heatherington 0 1 1 1 0 0 0 0 0 0 0/0 15:40 0:00 1:48
Francis Perron 0 0 0 -1 0 0 0 0 0 0 0/0 8:14 0:00 0:13
Jared Knight 0 0 0 1 0 3 0 0 0 0 2/7 16:38 2:34 2:42
Joakim Nordstrom 1 0 1 1 0 2 0 0 0 1 1/3 13:12 0:00 2:41
Matt Grzelcyk 0 1 1 1 0 3 0 0 1 0 0/0 19:11 2:34 1:48
Maxim Mamin 0 0 0 0 0 0 1 0 0 1 0/0 11:24 0:00 1:15
Mitch Marner 2 1 3 -1 2 3 1 0 1 0 1/1 15:48 3:50 0:00
Morgan Rielly 0 1 1 -2 0 4 1 1 1 1 0/0 30:34 5:03 2:46
Nathan Noel 0 0 0 -1 0 0 1 0 0 0 0/2 7:54 0:00 0:00
Ondrej Kase 0 3 3 0 0 1 3 0 0 0 0/1 22:06 3:47 0:00
Patrik Laine 3 0 3 0 0 3 0 0 2 0 0/1 21:05 3:47 0:00
Richard Nejezchleb 0 0 0 -1 2 1 0 0 0 0 0/0 8:02 0:00 0:00
Ryan Fitzgerald 0 0 0 -1 0 1 1 0 0 1 7/18 16:00 3:50 0:01
Tarmo Reunanen 0 1 1 0 0 0 2 0 0 0 0/0 10:15 0:00 0:00
Players Stats for Rampage
Player Name G A P +/- PIM S H SB GA TA FO MP PP MP PK MP
------------------------------------------------------------------------------------
Artturi Lehkonen 1 0 1 0 2 2 0 0 0 0 0/0 8:28 0:07 0:20
Charlie McAvoy 0 1 1 1 0 1 3 2 0 0 0/0 21:32 0:00 1:16
Collin Miller 0 0 0 0 2 1 1 1 0 0 0/0 15:09 1:39 3:38
Denis Gurianov 2 1 3 0 0 3 1 1 0 0 1/3 19:09 1:59 0:00
Dylan Gambrell 0 0 0 0 0 0 0 0 0 0 2/2 7:54 0:00 0:00
Ethan Bear 0 0 0 0 0 2 0 1 0 0 0/0 21:37 2:55 2:43
Jack Roslovic 0 1 1 1 0 4 1 0 1 0 28/38 23:06 2:28 4:26
Jean-Sebastien Dea 0 0 0 1 2 0 1 1 0 0 2/5 13:56 1:59 0:00
Jeremy Bracco 0 1 1 0 0 1 3 0 0 1 0/0 8:04 0:10 0:00
Jordan Greenway 0 1 1 1 0 3 5 0 0 0 0/0 13:18 0:00 1:34
Jordan Kyrou 1 0 1 -1 0 3 2 0 0 0 1/1 13:55 2:25 0:00
Kevan Miller 0 0 0 0 2 1 0 0 0 1 0/0 13:23 1:38 0:00
Petr Straka 2 1 3 2 2 3 1 0 0 0 0/0 10:15 0:00 0:00
Roland McKeown 0 0 0 0 0 0 1 1 0 2 0/0 22:38 0:01 5:03
Ryan Lomberg 0 1 1 -1 0 1 2 0 0 0 0/1 18:51 1:59 4:23
Steve Regier 0 1 1 1 2 7 0 1 0 0 1/1 20:22 2:28 2:13
T.J. Tynan 0 1 1 -1 0 2 0 0 2 1 6/10 14:28 0:07 2:18
Travis Sanheim 0 2 2 1 0 2 1 0 1 3 0/0 26:12 2:55 2:34
3 Stars
1 - Patrik Laine (Cle)
2 - Petr Straka (San)
3 - Denis Gurianov (San)
Power Play
Monsters - 3 on 6 Attempt(s) - 50.00%
Rampage - 1 on 3 Attempt(s) - 33.33%
Penalty Kill
Monsters - 2 on 3 Attempt(s) - 66.67%
- Score 0 goal in Penalty Kill
Rampage - 3 on 6 Attempt(s) - 50.00%
- Score 0 goal in Penalty Kill
Team Stat
Monsters - Hits : 17 - Faceoff Wins : 20 - Blocked Shots : 3 - Penalty Minutes : 6
Rampage - Hits : 22 - Faceoff Wins : 41 - Blocked Shots : 8 - Penalty Minutes : 12
Official
Referees : Garrett Rank and Steve Kozari
Linesman : Michel Cormier and Ryan Galloway
Game Notes
Patrik Laine has scored a Hat Trick!
Petr Straka is injured at 14:07 of 3rd period (Back Spasms)
Finance
Level 1 -- Attendance: 1988 (99.40%) -- Ticket Income $69,580
Level 2 -- Attendance: 846 (84.60%) -- Ticket Income $12,690
Total Attendance: 2834 (94.47%)
Total Ticket Income: $82,270
Other Income: $4,114
Total Income: $86,384
Monsters
5 vs 5 Forward
Center Left Wing Right Wing Time % Phy DF OF
1 Christian Hanson Patrik Laine Ondrej Kase 40 1 2 2
2 Ryan Fitzgerald Austin Watson Mitch Marner 30 1 2 2
3 Jared Knight Joakim Nordstrom Bobby Farnham 20 1 2 2
4 Nathan Noel Francis Perron Richard Nejezchleb 10 1 2 2
5 vs 5 Defense
Defense Defense Time % Phy DF OF
1 Morgan Rielly Aaron Ness 40 1 2 2
2 Dillon Heatherington Matt Grzelcyk 30 1 2 2
3 Tarmo Reunanen Maxim Mamin 20 1 2 2
4 Morgan Rielly Aaron Ness 10 1 2 2
PowerPlay Forward
Center Left Wing Right Wing Time % Phy DF OF
1 Christian Hanson Patrik Laine Ondrej Kase 60 1 2 2
2 Ryan Fitzgerald Austin Watson Mitch Marner 40 1 2 2
PowerPlay Defense
Defense Defense Time % Phy DF OF
1 Morgan Rielly Aaron Ness 60 1 2 2
2 Jared Knight Matt Grzelcyk 40 1 2 2
Penalty Kill 4 Players Forward
Center Wing Time % Phy DF OF
1 Jared Knight Joakim Nordstrom 60 1 2 2
2 Maxim Mamin Austin Watson 40 1 2 2
Penalty Kill 4 Players Defense
Defense Defense Time % Phy DF OF
1 Morgan Rielly Aaron Ness 60 1 2 2
2 Dillon Heatherington Matt Grzelcyk 40 1 2 2
Penalty Kill - 3 Players Forward
Forward Time % Phy DF OF
1 Jared Knight 60 1 2 2
2 Christian Hanson 40 1 2 2
Penalty Kill - 3 Players Defense
Defense Defense Time % Phy DF OF
1 Morgan Rielly Aaron Ness 60 1 2 2
2 Dillon Heatherington Matt Grzelcyk 40 1 2 2
4 vs 4 Forward
Center Wing Time % Phy DF OF
1 Christian Hanson Mitch Marner 60 1 2 2
2 Jared Knight Ondrej Kase 40 1 2 2
4 vs 4 Defense
Defense Defense Time % Phy DF OF
1 Morgan Rielly Aaron Ness 60 1 2 2
2 Dillon Heatherington Matt Grzelcyk 40 1 2 2
Last Minutes Offensive
Center Left Wing Right Wing Defense Defense
Christian Hanson Mitch Marner Ondrej Kase Morgan Rielly Aaron Ness
Last Minutes Defensive
Center Left Wing Right Wing Defense Defense
Jared Knight Joakim Nordstrom Ondrej Kase Morgan Rielly Aaron Ness
Goaltenders
Starting : Phoenix Copley
Backup : Peyton Jones
Extra Forwards
Normal : Francis Perron, Bobby Farnham, Joakim Nordstrom - PP : Francis Perron, Bobby Farnham - PK : Joakim Nordstrom
Extra Defensemen
Normal : Tarmo Reunanen, Dillon Heatherington, Matt Grzelcyk - PP : Tarmo Reunanen - PK : Dillon Heatherington, Matt Grzelcyk
Penalty Shots
Mitch Marner, Christian Hanson, Ondrej Kase, Patrik Laine, Bobby Farnham
Scratches
Cameron Hughes (Healthy), Matt Calvert (Lacerated Left Calf Injury), Victor Mete (Left Hand Injury), Marc Michaelis (Healthy), Eric Comrie (Healthy)
Rampage
5 vs 5 Forward
Center Left Wing Right Wing Time % Phy DF OF
1 Jack Roslovic Steve Regier Denis Gurianov 40 1 2 2
2 T.J. Tynan Ryan Lomberg Jordan Kyrou 30 1 2 2
3 Jean-Sebastien Dea Jordan Greenway Petr Straka 20 1 2 2
4 Dylan Gambrell Artturi Lehkonen Jeremy Bracco 10 1 2 2
5 vs 5 Defense
Defense Defense Time % Phy DF OF
1 Charlie McAvoy Travis Sanheim 40 1 2 2
2 Roland McKeown Ethan Bear 30 1 2 2
3 Kevan Miller Collin Miller 20 1 2 2
4 Kevan Miller Roland McKeown 10 1 2 2
PowerPlay Forward
Center Left Wing Right Wing Time % Phy DF OF
1 Jack Roslovic Steve Regier Jordan Kyrou 60 1 2 2
2 Jean-Sebastien Dea Ryan Lomberg Denis Gurianov 40 1 2 2
PowerPlay Defense
Defense Defense Time % Phy DF OF
1 Ethan Bear Travis Sanheim 60 1 2 2
2 Kevan Miller Collin Miller 40 1 2 2
Penalty Kill 4 Players Forward
Center Wing Time % Phy DF OF
1 Jack Roslovic Ryan Lomberg 60 1 2 2
2 T.J. Tynan Steve Regier 40 1 2 2
Penalty Kill 4 Players Defense
Defense Defense Time % Phy DF OF
1 Roland McKeown Collin Miller 60 1 2 2
2 Travis Sanheim Ethan Bear 40 1 2 2
Penalty Kill - 3 Players Forward
Forward Time % Phy DF OF
1 T.J. Tynan 60 1 2 2
2 Jack Roslovic 40 1 2 2
Penalty Kill - 3 Players Defense
Defense Defense Time % Phy DF OF
1 Roland McKeown Travis Sanheim 60 1 2 2
2 Collin Miller Ethan Bear 40 1 2 2
4 vs 4 Forward
Center Wing Time % Phy DF OF
1 Jean-Sebastien Dea Petr Straka 60 1 2 2
2 T.J. Tynan Ryan Lomberg 40 1 2 2
4 vs 4 Defense
Defense Defense Time % Phy DF OF
1 Roland McKeown Travis Sanheim 60 1 2 2
2 Collin Miller Charlie McAvoy 40 1 2 2
Last Minutes Offensive
Center Left Wing Right Wing Defense Defense
Jack Roslovic Ryan Lomberg Petr Straka Ethan Bear Travis Sanheim
Last Minutes Defensive
Center Left Wing Right Wing Defense Defense
T.J. Tynan Ryan Lomberg Petr Straka Roland McKeown Collin Miller
Goaltenders
Starting : Brandon Halverson
Backup : Emil Larmi
Extra Forwards
Normal : Denis Gurianov, Jean-Sebastien Dea, Jordan Greenway - PP : Denis Gurianov, Jean-Sebastien Dea - PK : Jordan Greenway
Extra Defensemen
Normal : Ethan Bear, Charlie McAvoy, Collin Miller - PP : Ethan Bear - PK : Charlie McAvoy, Collin Miller
Penalty Shots
Jack Roslovic, Jordan Kyrou, Petr Straka, T.J. Tynan, Jean-Sebastien Dea
Scratches
Adam Clendening (Healthy), Anthony Richard (Healthy), Dylan Sikura (Healthy), Oskar Lindblom (Healthy), Eamon McAdam (Healthy)
Magnus Hellberg (Healthy)
% Time on Ice - Monsters
Lines # - Real PCT - Wanted PCT - Time Play
Normal Forward
1 - 38% - 40% - 17:34
2 - 26% - 30% - 11:59
3 - 20% - 20% - 9:21
4 - 17% - 10% - 7:54
Normal Defense
1 - 42% - 40% - 19:31
2 - 32% - 30% - 14:49
3 - 22% - 20% - 10:15
4 - 5% - 10% - 2:13
PP Forward
1 - 50% - 60% - 3:47
2 - 50% - 40% - 3:50
PP Defense
1 - 66% - 60% - 5:03
2 - 34% - 40% - 2:34
PK Forward
1 - 84% - 60% - 3:49
2 - 16% - 40% - 0:45
PK Defense
1 - 64% - 60% - 2:56
2 - 36% - 40% - 1:38
PK3 Forward
1 - 0% - 60%
2 - 0% - 40%
PK3 Defense
1 - 0% - 60%
2 - 0% - 40%
44 Forward
1 - 0% - 60%
2 - 0% - 40%
44 Defense
1 - 0% - 60%
2 - 0% - 40%
Last Minute Offensive - 0:00
Last Minute Defensive - 1:01
Total
Forward - 60:00
Defense - 60:00
|
% Time on Ice - Rampage
Lines # - Real PCT - Wanted PCT - Time Play
Normal Forward
1 - 33% - 40% - 15:18
2 - 26% - 30% - 11:59
3 - 25% - 20% - 11:36
4 - 17% - 10% - 7:54
Normal Defense
1 - 44% - 40% - 20:33
2 - 31% - 30% - 14:28
3 - 20% - 20% - 9:28
4 - 5% - 10% - 2:18
PP Forward
1 - 57% - 60% - 2:35
2 - 43% - 40% - 1:59
PP Defense
1 - 64% - 60% - 2:55
2 - 36% - 40% - 1:39
PK Forward
1 - 74% - 60% - 5:38
2 - 26% - 40% - 1:59
PK Defense
1 - 66% - 60% - 5:03
2 - 34% - 40% - 2:34
PK3 Forward
1 - 0% - 60%
2 - 0% - 40%
PK3 Defense
1 - 0% - 60%
2 - 0% - 40%
44 Forward
1 - 0% - 60%
2 - 0% - 40%
44 Defense
1 - 0% - 60%
2 - 0% - 40%
Last Minute Offensive - 1:02
Last Minute Defensive - 0:00
Total
Forward - 60:00
Defense - 60:00
|
Play-by-Play
1st period
0:01 of 1st period - Jack Roslovic wins face-off versus Christian Hanson in neutral zone.
0:14 of 1st period - Snap shot by Ondrej Kase.
0:14 of 1st period - Stopped by Brandon Halverson without a rebound.
0:15 of 1st period - Ryan Fitzgerald wins face-off versus T.J. Tynan in Rampage zone.
0:24 of 1st period - Wrist shot by Austin Watson.
0:24 of 1st period - Stopped by Brandon Halverson without a rebound.
0:25 of 1st period - Ryan Fitzgerald wins face-off versus T.J. Tynan in Rampage zone.
0:26 of 1st period - Snap shot by Mitch Marner.
0:26 of 1st period - Deflect By Austin Watson.
0:26 of 1st period - Stopped by Brandon Halverson without a rebound.
0:27 of 1st period - Jean-Sebastien Dea wins face-off versus Jared Knight in Rampage zone.
0:27 of 1st period - Jean-Sebastien Dea is hit by Bobby Farnham.
0:39 of 1st period - Snap shot by Jordan Greenway.
0:39 of 1st period - Shot Misses the Net.
0:53 of 1st period - Artturi Lehkonen is hit by Tarmo Reunanen and loses puck.
1:34 of 1st period - Wrist shot by Jack Roslovic.
1:34 of 1st period - Shot Misses the Net.
1:36 of 1st period - Slapshot by Travis Sanheim.
1:36 of 1st period - Stopped by Phoenix Copley without a rebound.
1:37 of 1st period - Jack Roslovic wins face-off versus Ryan Fitzgerald in Monsters zone.
1:42 of 1st period - Wrist shot by Denis Gurianov.
1:42 of 1st period - Goal by Denis Gurianov - Monsters : 0 - Rampage : 1.
1:43 of 1st period - Jack Roslovic wins face-off versus Ryan Fitzgerald in neutral zone.
2:24 of 1st period - Snap shot by Patrik Laine.
2:24 of 1st period - Goal by Patrik Laine - Monsters : 1 - Rampage : 1.
2:25 of 1st period - Jared Knight wins face-off versus Jean-Sebastien Dea in neutral zone.
4:01 of 1st period - Snap shot by Steve Regier.
4:01 of 1st period - Stopped by Phoenix Copley without a rebound.
4:02 of 1st period - Christian Hanson wins face-off versus Ryan Lomberg in Monsters zone.
4:29 of 1st period - Wrist shot by Petr Straka.
4:29 of 1st period - Deflect By Jordan Greenway.
4:29 of 1st period - Stopped by Phoenix Copley with a rebound.
4:31 of 1st period - Snap shot by Petr Straka.
4:31 of 1st period - Goal by Petr Straka - Monsters : 1 - Rampage : 2.
4:32 of 1st period - Jack Roslovic wins face-off versus Christian Hanson in neutral zone.
4:43 of 1st period - Snap shot by Denis Gurianov.
4:43 of 1st period - Shot Blocked by Christian Hanson.
4:45 of 1st period - Slapshot by Ethan Bear.
4:45 of 1st period - Deflect By Aaron Ness.
4:45 of 1st period - Stopped by Phoenix Copley with a rebound.
5:46 of 1st period - Off-side.
5:47 of 1st period - Jack Roslovic wins face-off versus Christian Hanson in neutral zone.
5:52 of 1st period - Ondrej Kase is hit by Jack Roslovic and loses puck.
6:22 of 1st period - Backhand shot by Mitch Marner.
6:22 of 1st period - Shot Misses the Net.
6:52 of 1st period - Minor Penalty to Jean-Sebastien Dea for Hooking.
6:53 of 1st period - Jack Roslovic wins face-off versus Ondrej Kase in Rampage zone.
7:04 of 1st period - Snap shot by Jack Roslovic.
7:04 of 1st period - Deflect By Ryan Lomberg.
7:04 of 1st period - Shot Blocked by Aaron Ness.
7:04 of 1st period - Puck is out of play.
7:05 of 1st period - Jack Roslovic wins face-off versus Christian Hanson in Monsters zone.
7:06 of 1st period - Wrist shot by Ryan Lomberg.
7:06 of 1st period - Deflect By Jack Roslovic.
7:06 of 1st period - Stopped by Phoenix Copley without a rebound.
7:07 of 1st period - Christian Hanson wins face-off versus Jack Roslovic in Monsters zone.
7:18 of 1st period - Wrist shot by Christian Hanson.
7:18 of 1st period - Stopped by Brandon Halverson with a rebound.
7:38 of 1st period - Roland McKeown is hit by Austin Watson and loses puck.
8:52 of 1st period - Penalty to Jean-Sebastien Dea is over, Jean-Sebastien Dea is back on ice.
9:22 of 1st period - Wrist shot by Petr Straka.
9:22 of 1st period - Deflect By Richard Nejezchleb.
9:22 of 1st period - Stopped by Phoenix Copley with a rebound.
9:26 of 1st period - Snap shot by Petr Straka.
9:26 of 1st period - Shot Misses the Net.
9:50 of 1st period - Snap shot by Richard Nejezchleb.
9:50 of 1st period - Stopped by Brandon Halverson without a rebound.
9:51 of 1st period - T.J. Tynan wins face-off versus Ryan Fitzgerald in Rampage zone.
9:58 of 1st period - Wrist shot by Ryan Lomberg.
9:58 of 1st period - Shot Misses the Net.
10:00 of 1st period - Wrist shot by Ryan Lomberg.
10:00 of 1st period - Stopped by Phoenix Copley with a rebound.
10:02 of 1st period - Slapshot by Jordan Kyrou.
10:02 of 1st period - Stopped by Phoenix Copley with a rebound.
10:04 of 1st period - Slapshot by Roland McKeown.
10:04 of 1st period - Shot Misses the Net.
10:57 of 1st period - Off-side.
10:58 of 1st period - Ryan Fitzgerald wins face-off versus Denis Gurianov in neutral zone.
11:03 of 1st period - Wrist shot by Austin Watson.
11:03 of 1st period - Stopped by Brandon Halverson with a rebound.
11:30 of 1st period - Snap shot by Christian Hanson.
11:30 of 1st period - Stopped by Brandon Halverson with a rebound.
12:14 of 1st period - Snap shot by Jared Knight.
12:14 of 1st period - Stopped by Brandon Halverson without a rebound.
12:15 of 1st period - Jack Roslovic wins face-off versus Jared Knight in Rampage zone.
12:59 of 1st period - Jared Knight is hit by Jeremy Bracco and loses puck.
13:04 of 1st period - Wrist shot by Artturi Lehkonen.
13:04 of 1st period - Stopped by Phoenix Copley with a rebound.
13:06 of 1st period - Wrist shot by Jeremy Bracco.
13:06 of 1st period - Shot Misses the Net.
13:08 of 1st period - Wrist shot by Collin Miller.
13:08 of 1st period - Stopped by Phoenix Copley with a rebound.
13:42 of 1st period - Wrist shot by Jordan Greenway.
13:42 of 1st period - Stopped by Phoenix Copley with a rebound.
13:44 of 1st period - Wrist shot by Jordan Greenway.
13:44 of 1st period - Stopped by Phoenix Copley without a rebound.
13:45 of 1st period - T.J. Tynan wins face-off versus Christian Hanson in Monsters zone.
14:42 of 1st period - Wrist shot by Mitch Marner.
14:42 of 1st period - Shot Misses the Net.
14:44 of 1st period - Slapshot by Tarmo Reunanen.
14:44 of 1st period - Shot Blocked by Charlie McAvoy.
14:46 of 1st period - Snap shot by Austin Watson.
14:46 of 1st period - Goal by Austin Watson - Monsters : 2 - Rampage : 2.
14:47 of 1st period - Jack Roslovic wins face-off versus Christian Hanson in neutral zone.
14:51 of 1st period - Off-side.
14:52 of 1st period - Jack Roslovic wins face-off versus Christian Hanson in neutral zone.
14:55 of 1st period - Aaron Ness is hit by Charlie McAvoy.
14:59 of 1st period - Wrist shot by Morgan Rielly.
14:59 of 1st period - Stopped by Brandon Halverson with a rebound.
15:01 of 1st period - Slapshot by Aaron Ness.
15:01 of 1st period - Shot Misses the Net.
15:19 of 1st period - Snap shot by Jared Knight.
15:19 of 1st period - Stopped by Brandon Halverson with a rebound.
15:21 of 1st period - Snap shot by Aaron Ness.
15:21 of 1st period - Stopped by Brandon Halverson with a rebound.
15:27 of 1st period - Snap shot by Jared Knight.
15:27 of 1st period - Stopped by Brandon Halverson with a rebound.
15:29 of 1st period - Slapshot by Aaron Ness.
15:29 of 1st period - Stopped by Brandon Halverson with a rebound.
16:01 of 1st period - Wrist shot by Petr Straka.
16:01 of 1st period - Shot Misses the Net.
16:19 of 1st period - Tarmo Reunanen is hit by Charlie McAvoy and loses puck.
16:24 of 1st period - Snap shot by Travis Sanheim.
16:24 of 1st period - Stopped by Phoenix Copley with a rebound.
16:26 of 1st period - Slapshot by Charlie McAvoy.
16:26 of 1st period - Stopped by Phoenix Copley with a rebound.
16:40 of 1st period - T.J. Tynan is hit by Tarmo Reunanen and loses puck.
16:49 of 1st period - Slapshot by Bobby Farnham.
16:49 of 1st period - Shot Misses the Net.
16:51 of 1st period - Snap shot by Jared Knight.
16:51 of 1st period - Shot Misses the Net.
17:38 of 1st period - Dillon Heatherington is hit by Jeremy Bracco and loses puck.
17:56 of 1st period - Snap shot by Ondrej Kase.
17:56 of 1st period - Shot Misses the Net.
18:19 of 1st period - Roland McKeown is hit by Ondrej Kase and loses puck.
18:32 of 1st period - Backhand shot by Christian Hanson.
18:32 of 1st period - Shot Misses the Net.
18:45 of 1st period - Petr Straka is hit by Ondrej Kase and loses puck.
18:54 of 1st period - Slapshot by Ondrej Kase.
18:54 of 1st period - Shot Misses the Net.
19:45 of 1st period - Christian Hanson is hit by Jordan Greenway and loses puck.
Goals for this period are 2 for Monsters vs 2 for Rampage.
Shots for this period are 15 for Monsters vs 16 for Rampage.
2nd period
0:01 of 2nd period - Ryan Fitzgerald wins face-off versus Jack Roslovic in neutral zone.
0:09 of 2nd period - Minor Penalty to Steve Regier for Holding.
0:10 of 2nd period - Jack Roslovic wins face-off versus Christian Hanson in Rampage zone.
0:18 of 2nd period - Slapshot by Ondrej Kase.
0:18 of 2nd period - Shot Blocked by Collin Miller.
0:20 of 2nd period - Snap shot by Ondrej Kase.
0:20 of 2nd period - Shot Misses the Net.
0:22 of 2nd period - Snap shot by Patrik Laine.
0:22 of 2nd period - Goal by Patrik Laine - Monsters : 3 - Rampage : 2.
0:23 of 2nd period - Mitch Marner wins face-off versus Denis Gurianov in neutral zone.
0:43 of 2nd period - Steve Regier is hit by Ryan Fitzgerald and loses puck.
1:06 of 2nd period - Ryan Lomberg is hit by Aaron Ness and loses puck.
1:25 of 2nd period - Wrist shot by Bobby Farnham.
1:25 of 2nd period - Shot Misses the Net.
1:29 of 2nd period - Wrist shot by Joakim Nordstrom.
1:29 of 2nd period - Stopped by Brandon Halverson with a rebound.
1:51 of 2nd period - Snap shot by Petr Straka.
1:51 of 2nd period - Goal by Petr Straka - Monsters : 3 - Rampage : 3.
1:52 of 2nd period - Jack Roslovic wins face-off versus Ryan Fitzgerald in neutral zone.
2:13 of 2nd period - Minor Penalty to Mitch Marner for High sticking.
2:14 of 2nd period - Jack Roslovic wins face-off versus Jared Knight in Monsters zone.
2:49 of 2nd period - Slapshot by Travis Sanheim.
2:49 of 2nd period - Deflect By Denis Gurianov.
2:49 of 2nd period - Goal by Denis Gurianov - Monsters : 3 - Rampage : 4.
2:50 of 2nd period - Jack Roslovic wins face-off versus Christian Hanson in neutral zone.
2:53 of 2nd period - Ondrej Kase is hit by Denis Gurianov and loses puck.
3:48 of 2nd period - Patrik Laine is hit by Jordan Greenway and loses puck.
4:33 of 2nd period - Denis Gurianov is hit by Morgan Rielly and loses puck.
5:24 of 2nd period - Minor Penalty to Petr Straka for Roughing.
5:25 of 2nd period - Ryan Fitzgerald wins face-off versus Jack Roslovic in Rampage zone.
5:32 of 2nd period - Snap shot by Austin Watson.
5:32 of 2nd period - Shot Misses the Net.
5:34 of 2nd period - Snap shot by Austin Watson.
5:34 of 2nd period - Stopped by Brandon Halverson without a rebound.
5:35 of 2nd period - Ryan Fitzgerald wins face-off versus Jack Roslovic in Rampage zone.
5:40 of 2nd period - Snap shot by Austin Watson.
5:40 of 2nd period - Stopped by Brandon Halverson with a rebound.
5:42 of 2nd period - Slapshot by Morgan Rielly.
5:42 of 2nd period - Stopped by Brandon Halverson with a rebound.
5:44 of 2nd period - Wrist shot by Mitch Marner.
5:44 of 2nd period - Goal by Mitch Marner - Monsters : 4 - Rampage : 4.
5:45 of 2nd period - Jack Roslovic wins face-off versus Ryan Fitzgerald in neutral zone.
5:58 of 2nd period - Wrist shot by Steve Regier.
5:58 of 2nd period - Shot Hit the Post.
6:00 of 2nd period - Slapshot by Roland McKeown.
6:00 of 2nd period - Deflect By Steve Regier.
6:00 of 2nd period - Stopped by Phoenix Copley without a rebound.
6:01 of 2nd period - Christian Hanson wins face-off versus T.J. Tynan in Monsters zone.
6:01 of 2nd period - Christian Hanson is hit by Jordan Kyrou.
6:07 of 2nd period - Slapshot by Morgan Rielly.
6:07 of 2nd period - Stopped by Brandon Halverson without a rebound.
6:08 of 2nd period - Jordan Kyrou wins face-off versus Christian Hanson in Rampage zone.
6:33 of 2nd period - Off-side.
6:34 of 2nd period - Denis Gurianov wins face-off versus Ryan Fitzgerald in neutral zone.
7:21 of 2nd period - Joakim Nordstrom is hit by Petr Straka and loses puck.
8:08 of 2nd period - Wrist shot by Mitch Marner.
8:08 of 2nd period - Shot Misses the Net.
8:20 of 2nd period - Ondrej Kase is hit by Ryan Lomberg and loses puck.
9:16 of 2nd period - Maxim Mamin is hit by Collin Miller and loses puck.
9:23 of 2nd period - Minor Penalty to Richard Nejezchleb for Holding.
9:24 of 2nd period - Jared Knight wins face-off versus Jack Roslovic in Monsters zone.
9:39 of 2nd period - Snap shot by Jack Roslovic.
9:39 of 2nd period - Shot Misses the Net.
9:55 of 2nd period - Jared Knight is hit by Jean-Sebastien Dea and loses puck.
11:23 of 2nd period - Penalty to Richard Nejezchleb is over, Richard Nejezchleb is back on ice.
11:37 of 2nd period - Snap shot by Artturi Lehkonen.
11:37 of 2nd period - Shot Misses the Net.
11:39 of 2nd period - Slapshot by Jeremy Bracco.
11:39 of 2nd period - Stopped by Phoenix Copley without a rebound.
11:40 of 2nd period - Dylan Gambrell wins face-off versus Nathan Noel in Monsters zone.
12:17 of 2nd period - Snap shot by Jeremy Bracco.
12:17 of 2nd period - Shot Misses the Net.
12:19 of 2nd period - Slapshot by Roland McKeown.
12:19 of 2nd period - Deflect By Dylan Gambrell.
12:19 of 2nd period - Shot Misses the Net.
12:19 of 2nd period - Puck is out of play.
12:20 of 2nd period - Jack Roslovic wins face-off versus Christian Hanson in Monsters zone.
12:23 of 2nd period - Snap shot by Jack Roslovic.
12:23 of 2nd period - Shot Misses the Net.
12:25 of 2nd period - Snap shot by Steve Regier.
12:25 of 2nd period - Shot Misses the Net.
12:27 of 2nd period - Backhand shot by Charlie McAvoy.
12:27 of 2nd period - Deflect By Jack Roslovic.
12:27 of 2nd period - Stopped by Phoenix Copley without a rebound.
12:28 of 2nd period - Jack Roslovic wins face-off versus Christian Hanson in Monsters zone.
14:06 of 2nd period - Minor Penalty to Christian Hanson for Hooking.
14:07 of 2nd period - Jack Roslovic wins face-off versus Jared Knight in Monsters zone.
14:07 of 2nd period - Wrist shot by Steve Regier.
14:07 of 2nd period - Shot Misses the Net.
14:09 of 2nd period - Wrist shot by Jordan Kyrou.
14:09 of 2nd period - Shot Blocked by Morgan Rielly.
14:17 of 2nd period - Snap shot by Jordan Kyrou.
14:17 of 2nd period - Stopped by Phoenix Copley without a rebound.
14:18 of 2nd period - Steve Regier wins face-off versus Joakim Nordstrom in Monsters zone.
16:06 of 2nd period - Penalty to Christian Hanson is over, Christian Hanson is back on ice.
16:27 of 2nd period - Minor Penalty to Artturi Lehkonen for Holding Stick.
16:28 of 2nd period - Christian Hanson wins face-off versus Jack Roslovic in Rampage zone.
17:57 of 2nd period - Ondrej Kase is hit by Jordan Greenway and loses puck.
18:27 of 2nd period - Penalty to Artturi Lehkonen is over, Artturi Lehkonen is back on ice.
18:50 of 2nd period - Nathan Noel is hit by Jeremy Bracco and loses puck.
18:59 of 2nd period - Minor Penalty to Kevan Miller for Holding.
19:00 of 2nd period - Jack Roslovic wins face-off versus Ryan Fitzgerald in Rampage zone.
19:46 of 2nd period - Icing by Aaron Ness.
19:47 of 2nd period - Jack Roslovic wins face-off versus Ryan Fitzgerald in Monsters zone.
Goals for this period are 2 for Monsters vs 2 for Rampage.
Shots for this period are 7 for Monsters vs 6 for Rampage.
3rd period
0:01 of 3rd period - Christian Hanson wins face-off versus Jack Roslovic in neutral zone.
0:06 of 3rd period - Snap shot by Christian Hanson.
0:06 of 3rd period - Deflect By Patrik Laine.
0:06 of 3rd period - Goal by Patrik Laine - Monsters : 5 - Rampage : 4.
0:07 of 3rd period - Christian Hanson wins face-off versus Jack Roslovic in neutral zone.
0:10 of 3rd period - Ethan Bear is hit by Ondrej Kase and loses puck.
1:20 of 3rd period - Slapshot by Jack Roslovic.
1:20 of 3rd period - Shot Misses the Net.
1:24 of 3rd period - Snap shot by Steve Regier.
1:24 of 3rd period - Stopped by Phoenix Copley with a rebound.
1:26 of 3rd period - Wrist shot by Denis Gurianov.
1:26 of 3rd period - Stopped by Phoenix Copley without a rebound.
1:27 of 3rd period - T.J. Tynan wins face-off versus Ryan Fitzgerald in Monsters zone.
1:30 of 3rd period - Slapshot by Jordan Kyrou.
1:30 of 3rd period - Goal by Jordan Kyrou - Monsters : 5 - Rampage : 5.
1:31 of 3rd period - T.J. Tynan wins face-off versus Christian Hanson in neutral zone.
1:38 of 3rd period - Backhand shot by Jordan Kyrou.
1:38 of 3rd period - Shot Misses the Net.
2:01 of 3rd period - Wrist shot by Artturi Lehkonen.
2:01 of 3rd period - Goal by Artturi Lehkonen - Monsters : 5 - Rampage : 6.
2:02 of 3rd period - Jack Roslovic wins face-off versus Patrik Laine in neutral zone.
2:31 of 3rd period - Slapshot by Ethan Bear.
2:31 of 3rd period - Shot Misses the Net.
2:43 of 3rd period - Snap shot by Aaron Ness.
2:43 of 3rd period - Stopped by Brandon Halverson with a rebound.
3:06 of 3rd period - Snap shot by Morgan Rielly.
3:06 of 3rd period - Stopped by Brandon Halverson with a rebound.
3:08 of 3rd period - Slapshot by Christian Hanson.
3:08 of 3rd period - Stopped by Brandon Halverson without a rebound.
3:09 of 3rd period - Ryan Fitzgerald wins face-off versus Jack Roslovic in Rampage zone.
3:35 of 3rd period - Matt Grzelcyk is hit by Jordan Kyrou and loses puck.
3:54 of 3rd period - Jordan Kyrou is hit by Maxim Mamin and loses puck.
4:04 of 3rd period - Minor Penalty to Collin Miller for Goalie Interference.
4:05 of 3rd period - Jack Roslovic wins face-off versus Ryan Fitzgerald in Rampage zone.
4:13 of 3rd period - Jack Roslovic is hit by Austin Watson and loses puck.
4:39 of 3rd period - Slapshot by Morgan Rielly.
4:39 of 3rd period - Deflect By Austin Watson.
4:39 of 3rd period - Shot Misses the Net.
4:39 of 3rd period - Puck is out of play.
4:40 of 3rd period - T.J. Tynan wins face-off versus Christian Hanson in Rampage zone.
6:04 of 3rd period - Penalty to Collin Miller is over, Collin Miller is back on ice.
6:22 of 3rd period - Wrist shot by T.J. Tynan.
6:22 of 3rd period - Stopped by Phoenix Copley with a rebound.
6:24 of 3rd period - Slapshot by Roland McKeown.
6:24 of 3rd period - Shot Misses the Net.
6:26 of 3rd period - Slapshot by Ethan Bear.
6:26 of 3rd period - Stopped by Phoenix Copley with a rebound.
6:30 of 3rd period - Slapshot by Steve Regier.
6:30 of 3rd period - Stopped by Phoenix Copley with a rebound.
6:32 of 3rd period - Wrist shot by Steve Regier.
6:32 of 3rd period - Stopped by Phoenix Copley with a rebound.
6:34 of 3rd period - Slapshot by Roland McKeown.
6:34 of 3rd period - Shot Misses the Net.
6:36 of 3rd period - Slapshot by T.J. Tynan.
6:36 of 3rd period - Stopped by Phoenix Copley without a rebound.
6:37 of 3rd period - Christian Hanson wins face-off versus Jean-Sebastien Dea in Monsters zone.
6:37 of 3rd period - Christian Hanson is hit by Jordan Greenway.
7:03 of 3rd period - Ryan Fitzgerald is hit by Charlie McAvoy and loses puck.
7:34 of 3rd period - Bobby Farnham is hit by Travis Sanheim and loses puck.
8:09 of 3rd period - Slapshot by Matt Grzelcyk.
8:09 of 3rd period - Stopped by Brandon Halverson with a rebound.
8:11 of 3rd period - Slapshot by Matt Grzelcyk.
8:11 of 3rd period - Stopped by Brandon Halverson with a rebound.
8:45 of 3rd period - Slapshot by Austin Watson.
8:45 of 3rd period - Stopped by Brandon Halverson with a rebound.
8:47 of 3rd period - Slapshot by Matt Grzelcyk.
8:47 of 3rd period - Stopped by Brandon Halverson without a rebound.
8:48 of 3rd period - Jack Roslovic wins face-off versus Christian Hanson in Rampage zone.
9:26 of 3rd period - Maxim Mamin is hit by Jordan Greenway.
9:42 of 3rd period - Travis Sanheim is hit by Austin Watson and loses puck.
9:57 of 3rd period - Snap shot by Charlie McAvoy.
9:57 of 3rd period - Deflect By Jack Roslovic.
9:57 of 3rd period - Stopped by Phoenix Copley without a rebound.
9:58 of 3rd period - Jack Roslovic wins face-off versus Nathan Noel in Monsters zone.
9:59 of 3rd period - Wrist shot by Steve Regier.
9:59 of 3rd period - Stopped by Phoenix Copley with a rebound.
10:51 of 3rd period - Off-side.
10:52 of 3rd period - Dylan Gambrell wins face-off versus Christian Hanson in neutral zone.
11:25 of 3rd period - Icing by Tarmo Reunanen.
11:26 of 3rd period - Jack Roslovic wins face-off versus Ryan Fitzgerald in Monsters zone.
11:49 of 3rd period - Wrist shot by Mitch Marner.
11:49 of 3rd period - Shot Blocked by Ethan Bear.
11:51 of 3rd period - Slapshot by Ryan Fitzgerald.
11:51 of 3rd period - Shot Blocked by Steve Regier.
11:53 of 3rd period - Slapshot by Maxim Mamin.
11:53 of 3rd period - Shot Misses the Net.
11:55 of 3rd period - Backhand shot by Mitch Marner.
11:55 of 3rd period - Shot Blocked by Denis Gurianov.
11:57 of 3rd period - Snap shot by Mitch Marner.
11:57 of 3rd period - Shot Blocked by Roland McKeown.
12:09 of 3rd period - Wrist shot by Ryan Fitzgerald.
12:09 of 3rd period - Stopped by Brandon Halverson with a rebound.
12:11 of 3rd period - Slapshot by Austin Watson.
12:11 of 3rd period - Stopped by Brandon Halverson with a rebound.
12:13 of 3rd period - Slapshot by Ryan Fitzgerald.
12:13 of 3rd period - Shot Misses the Net.
12:15 of 3rd period - Snap shot by Maxim Mamin.
12:15 of 3rd period - Shot Misses the Net.
12:17 of 3rd period - Wrist shot by Mitch Marner.
12:17 of 3rd period - Stopped by Brandon Halverson without a rebound.
12:18 of 3rd period - Christian Hanson wins face-off versus T.J. Tynan in Rampage zone.
13:12 of 3rd period - Slapshot by Kevan Miller.
13:12 of 3rd period - Deflect By Jared Knight.
13:12 of 3rd period - Stopped by Phoenix Copley without a rebound.
13:13 of 3rd period - T.J. Tynan wins face-off versus Joakim Nordstrom in Monsters zone.
14:06 of 3rd period - Petr Straka is hit by Nathan Noel and loses puck.
14:07 of 3rd period - Petr Straka from Rampage is injured at 14:07 of 3rd period (Back Spasms).
14:08 of 3rd period - Jack Roslovic wins face-off versus Christian Hanson in Rampage zone.
14:08 of 3rd period - Jack Roslovic is hit by Christian Hanson.
14:20 of 3rd period - Snap shot by Christian Hanson.
14:20 of 3rd period - Stopped by Brandon Halverson with a rebound.
14:41 of 3rd period - Snap shot by Mitch Marner.
14:41 of 3rd period - Goal by Mitch Marner - Monsters : 6 - Rampage : 6.
14:42 of 3rd period - Jack Roslovic wins face-off versus Christian Hanson in neutral zone.
15:07 of 3rd period - Morgan Rielly is hit by Ryan Lomberg and loses puck.
15:18 of 3rd period - Wrist shot by T.J. Tynan.
15:18 of 3rd period - Deflect By Jordan Kyrou.
15:18 of 3rd period - Shot Misses the Net.
15:18 of 3rd period - Puck is out of play.
15:19 of 3rd period - Joakim Nordstrom wins face-off versus Jack Roslovic in Monsters zone.
16:08 of 3rd period - Slapshot by Joakim Nordstrom.
16:08 of 3rd period - Shot Blocked by Charlie McAvoy.
16:10 of 3rd period - Slapshot by Dillon Heatherington.
16:10 of 3rd period - Shot Misses the Net.
16:12 of 3rd period - Snap shot by Bobby Farnham.
16:12 of 3rd period - Stopped by Brandon Halverson with a rebound.
16:14 of 3rd period - Slapshot by Dillon Heatherington.
16:14 of 3rd period - Shot Misses the Net.
16:16 of 3rd period - Snap shot by Dillon Heatherington.
16:16 of 3rd period - Shot Blocked by Jean-Sebastien Dea.
16:18 of 3rd period - Snap shot by Joakim Nordstrom.
16:18 of 3rd period - Goal by Joakim Nordstrom - Monsters : 7 - Rampage : 6.
16:19 of 3rd period - Christian Hanson wins face-off versus Jean-Sebastien Dea in neutral zone.
16:44 of 3rd period - Austin Watson is hit by Roland McKeown and loses puck.
16:57 of 3rd period - Denis Gurianov is hit by Austin Watson and loses puck.
18:16 of 3rd period - Jordan Kyrou is hit by Mitch Marner and loses puck.
18:24 of 3rd period - Icing by Collin Miller.
18:25 of 3rd period - Jack Roslovic wins face-off versus Christian Hanson in Rampage zone.
18:38 of 3rd period - Wrist shot by Steve Regier.
18:38 of 3rd period - Stopped by Phoenix Copley without a rebound.
18:39 of 3rd period - Jean-Sebastien Dea wins face-off versus Jared Knight in Monsters zone.
18:46 of 3rd period - Rampage, Brandon Halverson is pulled from the net.
19:32 of 3rd period - Snap shot by Jack Roslovic.
19:32 of 3rd period - Shot Hit the Post.
19:54 of 3rd period - Snap shot by Ryan Lomberg.
19:54 of 3rd period - Deflect By Jack Roslovic.
19:54 of 3rd period - Stopped by Phoenix Copley with a rebound.
Goals for this period are 3 for Monsters vs 2 for Rampage.
Shots for this period are 15 for Monsters vs 14 for Rampage.